Map: Glittering Ashes LE

Players

IIIIIIIIIII

  • Race: Protoss Protoss
  • League: Diamond

HardFlip - Winner!

  • Race: Terran Terran
  • League: Diamond

VOD

Have the link to the VOD?

Description

Time

  • Played on: Nov. 28, 2021, 11:42 a.m.
  • Length: 4:38
Show
View Real Time Build Order
Export as new Build Order

IIIIIIIIIII Protoss 

Build Orders: 1 Gate Expand 

Get SALT Encoding   

  12  0:01  Probe  
  13  0:13  Probe  
  14  0:18  Pylon  
  14  0:25  Probe  
  15  0:37  Probe  
  15  0:38  Gateway  
  16  0:47  Assimilator  
  16  0:49  Probe (Chrono Boost)  
  17  1:00  Probe (Chrono Boost)  
  18  1:05  Probe (Chrono Boost)  
  19  1:17  Probe  
  20  1:26  Nexus  
  20  1:32  Pylon  
  20  1:35  Probe  
  21  1:48  Probe  
  21  1:51  Assimilator  
  22  1:57  Cybernetics Core  
  23  2:01  Probe  
  23  2:14  Probe  
  24  2:26  Probe  
  25  2:33  Adept  
  25  2:36  Warp Gate  
  27  2:38  Twilight Council  
  27  2:57  Robotics Facility  
  27  3:03  Stalker (Chrono Boost)  
  27  3:04  Pylon  
  29  3:08  Pylon  
  27  3:34  Stalker (Chrono Boost)  
  25  3:45  Immortal (Chrono Boost)  
Show
View Real Time Build Order
Export as new Build Order

HardFlip Terran - Winner!

Build Orders:  

Get SALT Encoding   

  12  0:00  SCV  
  13  0:12  SCV  
  14  0:17  Supply Depot  
  14  0:24  SCV  
  15  0:38  SCV  
  15  0:39  Barracks  
  16  0:45  Refinery  
  16  0:50  SCV  
  17  1:02  Barracks  
  17  1:06  SCV  
  18  1:18  SCV  
  19  1:19  Supply Depot  
  19  1:27  Barracks Reactor  
  19  1:34  Orbital Command  
  19  1:48  Barracks Tech Lab  
  19  2:01  SCV  
  19  2:03  Marine  
  19  2:04  Marine  
  22  2:09  Concussive Shells, Marauder  
  24  2:22  Marine  
  24  2:23  Marine  
  26  2:31  Marauder  
  26  2:32  Supply Depot  
  28  2:41  Bunker  
  28  2:43  Marine x2, Bunker  
  30  2:54  SCV, Marauder  
  33  3:07  Bunker  
  33  3:11  Marine x2  
  35  3:15  Marauder  
  36  3:33  Marine x2  
  37  3:36  Marauder  
  35  3:51  Marine x2  
  35  3:55  Bunker  
  36  3:58  Marauder  
  35  4:08  Bunker  
  35  4:09  Marine x2  
Tags
 
Add a new tag
Caveats
  • Supply blocks, unpowered buildings, or Contaminate may cause inaccurate times.
  • Supply counts are checked every 10 seconds.